 Dungeon Crawl Stone Soup version 0.28.0 (webtiles) character file.

Game seed: 7937849645521746135

6078 Angani the Orthodox (level 10, -1/91 HPs)
             Began as a Green Draconian Delver on Feb 14, 2022.
             Was an Elder of Zin.
             Killed from afar by Fannar (24 damage)
             ... with a bolt of cold
             ... on level 10 of the Dungeon.
             The game lasted 00:18:51 (12721 turns).

Angani the Orthodox (Green Draconian Delver)       Turns: 12721, Time: 00:18:52

Health: -1/91      AC: 10    Str: 15    XL:     10   Next: 57%
Magic:  0/16       EV: 12    Int: 15    God:    Zin [****..]
Gold:   313        SH:  0    Dex: 12    Spells: 9/9 levels left

rFire   . . .      SeeInvis +   C - +5 spear (flame)
rCold   . . .      Faith    .   (no shield)
rNeg    . . .      Spirit   +   (armour unavailable)
rPois   +          Reflect  .   (helmet restricted)
rElec   .          Harm     .   (no cloak)
rCorr   .          Rampage  .   h - +0 pair of gloves
Will    +....                   u - +1 pair of boots
Stlth   +++.......              H - amulet of guardian spirit
HPRegen 0.25/turn               q - ring of willpower
MPRegen 0.15/turn               o - ring of see invisible

@: short of breath, on recite cooldown, slowed, very slow
A: breathe noxious fumes, AC +7, unfitting armour, poison resistance,
cold-blooded
a: Breathe Noxious Fumes, Renounce Religion, Recite, Vitalisation, Imprison,
Donate Gold


You were on level 10 of the Dungeon.
You worshipped Zin.
Zin was greatly pleased with you.
You visited 1 branch of the dungeon, and saw 10 of its levels.

You collected 462 gold pieces.
You spent 103 gold pieces at shops.
You donated 46 gold pieces to Zin.

Inventory:

Hand Weapons
 a - a +2 vorpal halberd
 C - a +5 spear of flaming (weapon)
Missiles
 w - 6 throwing nets (quivered)
Armour
 h - a +0 pair of gloves (worn)
 u - a +1 pair of boots (worn)
Jewellery
 k - a ring of ice
 m - a +4 ring of evasion
 o - a ring of see invisible (right hand)
 q - a ring of willpower (left hand)
 A - a +4 ring of evasion
 F - a ring of willpower
 G - a ring of wizardry
 H - an amulet of guardian spirit (around neck)
Wands
 f - a wand of digging (7)
 g - a wand of mindburst (35)
 s - a wand of acid (8)
 x - a wand of flame (22)
 B - a wand of iceblast (7)
Scrolls
 b - 5 scrolls of fog
 c - 4 scrolls of vulnerability
 d - 3 scrolls of fear
 j - 2 scrolls of magic mapping
 r - a scroll of amnesia
 y - a scroll of enchant weapon
 D - a scroll of teleportation
 I - 3 scrolls of summoning
 K - a scroll of blinking
Potions
 e - 3 potions of curing
 i - 2 potions of cancellation {unknown}
 l - a potion of attraction {unknown}
 n - a potion of haste
 p - a potion of degeneration {unknown}
 t - 2 potions of flight {unknown}
 v - 2 potions of magic {unknown}
 z - a potion of might
 E - a potion of mutation {unknown}
 J - a potion of heal wounds {unknown}
 M - 2 potions of brilliance {unknown}


   Skills:
 + Level 9.0 Fighting
 + Level 8.6 Polearms
 - Level 1.7 Dodging
 - Level 4.5 Stealth
 + Level 9.1 Invocations
 + Level 7.8 Evocations


You had 9 spell levels left.
You didn't know any spells.
Your spell library contained the following spells:

 Spells                   Type           Power      Damage    Failure   Level
 Corpse Rot               Necr/Air       0%         N/A       38%         2
 Ensorcelled Hibernation  Hex/Ice        0%         N/A       38%         2
 Confusing Touch          Hex            0%         N/A       63%         3
 Frozen Ramparts          Ice            0%         1d2       63%         3
 Spider Form              Tmut/Pois      0%         N/A       63%         3
 Anguish                  Hex/Necr       0%         N/A       95%         4
 Dispel Undead            Necr           0%         3d6       95%         4
 Fulminant Prism          Conj/Hex       0%         3d6       95%         4
 Ice Form                 Ice/Tmut       0%         N/A       95%         4
 Iskenderun's Mystic Bla  Conj/Tloc      0%         2d3       95%         4
 Summon Ice Beast         Ice/Summ       0%         N/A       95%         4
 Lee's Rapid Deconstruct  Erth           0%         3d5*      100%        5
 Yara's Violent Unravell  Hex/Tmut       0%         3d3       100%        5
 Death Channel            Necr           0%         N/A       100%        6
 Enfeeble                 Hex            0%         N/A       100%        7


Dungeon Overview and Level Annotations

Branches:
Dungeon (10/15)            Temple (0/1) D:7            Lair (0/6) D:9
    Orc: D:9-12

Altars:
Ashenzari
Dithmenos
Uskayaw
Yredelemnul
Zin
The Shining One

Shops:
D:7 [

Annotations:
D:6 1 transporter, Camille's ghost, novice SpEE
D:10 Fannar


Innate Abilities, Weirdness & Mutations

You can breathe blasts of noxious fumes.
Your lurid green scales are hard. (AC +7)
You cannot fit into any form of body armour.
Your system is resistant to poisons. (rPois)
You are cold-blooded and may be slowed by cold attacks.


Message History

You hit Fannar. You burn Fannar.
Your tail-slap misses Fannar.
Fannar is heavily wounded.
You barely miss Fannar.
Fannar is heavily wounded.
Fannar hits you but does no damage. Fannar freezes you!
You hit Fannar. You burn Fannar.
Fannar is heavily wounded.
Fannar seems less confused.
Fannar hits you but does no damage. Fannar freezes you!
You feel yourself slow down.
Activating: Recite (0% risk of failure)
Press: ? - help, Dir - look around, f - activate You clear your throat and prepare to recite. "Thus the people made the covenant of belief with..."
Fannar hits you with a staff of cold.
Unknown command.
You miss Fannar.
Your tail-slap misses Fannar.
Fannar is heavily wounded.
You feel yourself speed up. "...Zin, and all was good, for they knew that the..."
Fannar gestures wildly while chanting.
Fannar drains the heat from the surrounding environment!
You are too injured to fight recklessly!
You puncture Fannar! You burn Fannar. You tail-slap Fannar, but do no damage.
Fannar is severely wounded. "...unbelievers would trouble them no longer."
Fannar is dazed by your recitation.
Fannar shouts!
You finish reciting Apostates 13:67.
You hear a bellow!
Fannar hits you with a staff of cold. Fannar freezes you!
* * * LOW HITPOINT WARNING * * *
You feel yourself slow down.
Unknown command.
Aiming: Corrosive Bolt
Press: ? - help, Shift-Dir - straight line, f - Fannar
Aim: Fannar, wielding a staff of cold and wearing a +1 robe of cold resistance (severely wounded, dazed, 57% to hit)
The bolt of acid misses Fannar.
Fannar casts a spell at you. The bolt of cold hits you!!
You die...

.# $#. .#. .#. #.#.#
#.#>.##
#####.#.#.#####
#...@e........##
#.###..........######
#.# ####........<....
#.# #.##.#........
#.# ##.##.#.#######
#.# #..##.#.#
#.#####..##.#.#
#..............
#######..######


You could see Fannar (dazed).

Vanquished Creatures
  Maggie (D:6)
  Grinder (D:4)
  A hornet (D:9)
  A shadow (D:9)
  A wyvern (D:9)
  Eustachio (D:6)
  3 yaks (D:6)
  3 steam dragons
  Edmund (D:4)
  3 water moccasins
  An ice beast (D:5)
  4 orc warriors
  A sky beast (D:8)
  2 black bears
  2 necrophages
  A wolf (D:6)
  2 ogres
  3 centaurs
  3 lemures (D:3)
  A phantom (D:6)
  A kobold brigand (D:6)
  3 bullfrogs (D:7)
  3 gnoll sergeants (D:7)
  A scorpion (D:4)
  4 killer bees
  2 howler monkeys (D:7)
  A jelly (D:5)
  A bullfrog zombie (D:5)
  A centaur zombie (D:6)
  11 hounds
  4 gnoll shamans (D:7)
  5 orc priests
  2 bullfrog skeletons
  2 iguanas (D:7)
  7 orc wizards
  Natasha (thrice) (D:3)
  A killer bee zombie (D:6)
  A hound zombie (D:5)
  21 gnolls
  7 adders
  2 worms (D:2)
  A dart slug (D:4)
  33 orcs
  2 bats
  3 endoplasms
  2 giant cockroaches (D:3)
  9 goblins
  6 hobgoblins
  10 jackals
  4 quokkas
  7 ball pythons
  5 frilled lizards
  6 kobolds
  A rat (D:2)
  A bush (D:9)
209 creatures vanquished.

Vanquished Creatures (collateral kills)
  An orc priest (D:8)
1 creature vanquished.

Vanquished Creatures (others)
  An orc (D:7)
1 creature vanquished.

Grand Total: 211 creatures vanquished

Notes
Turn   | Place    | Note
-------+----------+-------------------------------------------
     0 | D:5      | Angani the Draconian Delver began the quest for the Orb.
     0 | D:5      | Reached XP level 1. HP: 19/19 MP: 1/1
     2 | D:5      | Found a glowing silver altar of Zin.
     4 | D:5      | Found a hide-covered altar of Uskayaw.
    21 | D:5      | Became a worshipper of Zin the Law-Giver
    83 | D:5      | Noticed a necrophage
   117 | D:5      | Killed a necrophage
   118 | D:5      | Reached XP level 2. HP: 13/27 MP: 1/3
   118 | D:5      | Reached XP level 3. HP: 16/33 MP: 1/4
   118 | D:5      | Reached XP level 4. HP: 20/40 MP: 1/5
   628 | D:2      | Reached XP level 5. HP: 47/47 MP: 7/7
  1834 | D:2      | Found a faded altar of an unknown god.
  2303 | D:3      | Reached skill level 1 in Evocations
  2527 | D:3      | Noticed Natasha
  2528 | D:3      | Killed Natasha
  2641 | D:3      | Reached * piety under Zin
  2744 | D:3      | Noticed Natasha
  2747 | D:3      | Killed Natasha
  2748 | D:3      | Reached XP level 6. HP: 53/55 MP: 8/8
  2779 | D:3      | Noticed Natasha
  2781 | D:3      | Killed Natasha
  2782 | D:3      | Reached skill level 5 in Fighting
  3813 | D:4      | Noticed Edmund
  3820 | D:4      | Killed Edmund
  3867 | D:4      | Noticed Grinder
  3871 | D:4      | Killed Grinder
  3872 | D:4      | Your scales start taking on a lurid green colour.
  3872 | D:4      | Reached XP level 7. HP: 62/62 MP: 8/10
  3872 | D:4      | Gained mutation: Your system is resistant to poisons.
                  | (rPois) [Green Draconian growth]
  4883 | D:5      | Reached skill level 5 in Polearms
  4942 | D:5      | Reached skill level 5 in Invocations
  5027 | D:5      | Reached XP level 8. HP: 68/70 MP: 11/11
  5199 | D:5      | Found a glowing golden altar of the Shining One.
  5991 | D:6      | Noticed Maggie
  6021 | D:6      | Killed Maggie
  6589 | D:6      | Identified the +7 dire flail "Hasigir" {vorpal, rPois rF+
                  | SInv}
  6589 | D:6      | Noticed Camille's ghost (novice SpEE)
  6590 | D:6      | Found a transporter.
  6616 | D:6      | Reached skill level 5 in Evocations
  6997 | D:6      | HP: 2/71 [ogre (25)]
  7395 | D:6      | Noticed Eustachio
  7407 | D:6      | Killed Eustachio
  7408 | D:6      | Reached XP level 9. HP: 58/78 MP: 12/14
  7518 | D:6      | Found a basalt altar of Yredelemnul.
  8675 | D:7      | Found a staircase to the Ecumenical Temple.
  9664 | D:7      | Found Saczefat's Antique Armour Shoppe.
  9671 | D:7      | Bought a pair of boots for 103 gold pieces
  9723 | D:7      | Reached XP level 10. HP: 71/88 MP: 16/16
  9726 | D:7      | Reached ** piety under Zin
 10182 | D:7      | HP: 4/132 [steam dragon (6)]
 10661 | D:8      | Found a broken altar of Ashenzari.
 11588 | D:9      | Reached *** piety under Zin
 11861 | D:9      | Found a staircase to the Lair.
 12130 | D:9      | Reached **** piety under Zin
 12224 | D:9      | Found a shadowy altar of Dithmenos.
 12671 | D:10     | Entered Level 10 of the Dungeon
 12705 | D:10     | Noticed Fannar
 12721 | D:10     | Killed from afar by Fannar

Illustrated notes

Levels and vault maps discovered:
D:1:      minmay_arrival_cross, layout_rooms, chequers_serial_rivers_micro_b
D:2:      layout_basic, shapermc_ecumenical_altar_totnotflames,
          chequers_serial_rivers_micro_b
D:3:      layout_basic, chequers_hall_statues_corner_a, uniq_natasha
D:4:      nicolae_BIG_FREAKIN_CUBE, layout_layer_cave, uniq_grinder,
          uniq_edmund, uniq_pikel
D:5:      layout_loops_ring, nicolae_tso_swordbearing_angel,
          grunt_temple_overflow_open
D:6:      layout_basic, mainiacjoe_overflow_alcove_2, gammafunk_ghost_smash,
          uniq_eustachio, uniq_maggie
D:7:      layout_cave_pools, minmay_temple_entry_glassed_door, serial_shops,
          nicolae_shop_stone, serial_gnoll_camp, gnoll_camp_huts_basic,
          gnoll_camp_mini_hut, gnoll_camp_mini_house, gnoll_camp_medium_01,
          gnoll_camp_mini_loothouse, gnoll_camp_mini_doghouse, nrook_uturn,
          small_statue_intersection, grunt_ministairs_10
D:8:      layout_loops_ring, general_overflow_altar, st_stairs_3
D:9:      lemuel_ice_spiral_2, layout_basic, grunt_dithmenos_shadows,
          lair_entry_dummy, kb_lookout_dungeons_type
D:10:     layout_loops_ring, grunt_ministairs_7, kennysheep_path_1,
          minmay_three_doors, uniq_fannar, uniq_urug

Skill      XL: |  1  2  3  4  5  6  7  8  9 10 |
---------------+-------------------------------+-----
Fighting       | 4 5 6 8 9 |  9.0
Polearms       | 3 4 5 6 7 8 |  8.6
Invocations    | 2 3 4 5 6 8 9 |  9.1
Evocations     | 1 2 3 5 6 7 |  7.8
Dodging        | |  1.7
Stealth        | |  4.5

Action                   |  1- 3 |  4- 6 |  7- 9 | 10-12 || total
-------------------------+-------+-------+-------+-------++-------
Melee: Spear             |    16 |   298 |   477 |   253 ||  1044
       Tailslap          |       |    29 |    64 |    44 ||   137
       Punch             |       |     2 |     6 |     7 ||    15
Throw: Throwing net      |       |       |     1 |       ||     1
Invok: Recite            |       |       |       |     3 ||     3
 Abil: Breathe Noxious F |       |       |    31 |    12 ||    43
Evoke: Wand              |       |    23 |     8 |     5 ||    36
  Use: Potion            |     2 |       |       |     1 ||     3
       Scroll            |     1 |     2 |     9 |     4 ||    16
 Stab: Sleeping          |       |    16 |     6 |     2 ||    24
       Confused          |       |       |    37 |    16 ||    53
       Distracted        |       |       |     1 |       ||     1
Armor: Skin              |     3 |    47 |    92 |    34 ||   176
Dodge: Dodged            |     7 |   140 |   200 |    47 ||   394
